AoeStats
← Royal Yakuza

Arena

510170808Analyzed
4v4 RM · 4d ago on Sep 29, 2026· 52m 44s· 8 players
Game mode
Random Map
Map size
Large (8 player)
Population
200
Speed
Normal
Resources
Standard
Victory
Conquest
Starting age
Dark Age
Ending age
Imperial Age
RankedLock teamsTeams togetherTeam positionsShared explorationLock speedFull tech treeHidden civsTurbo modeCheats
Victory
Defeat
🇫🇷 Persians · France
1471
+9
🇧🇪 Varangians · Belgium
1351
+14
🇪🇸 Vietnamese · Spain
1349
+14
🇧🇬 Italians · Bulgaria
1342
+14
🇹🇷 Spanish · Türkiye
1324
-13
🇦🇺 Britons · Australia
1319
-13
🇹🇷 Khmer · Türkiye
1318
-13
🇹🇷 Turks · Türkiye
1282
-12
Royal Yakuza
10:19 Feudal Age
14:31 Castle Age
12:42 Double-Bit Axe
13:04 Horse Collar
15:24 Bow Saw
15:35 Heavy Plow
23:09 Wheelbarrow
22:20 Loom
22:48 Gold Mining
23:36 Stone Mining
27:26 Imperial Age
24:44 Town Watch
25:26 Scale Barding Armor
26:21 Fortified Wall
27:03 Chain Barding Armor
27:17 Bloodlines
27:22 Forging
27:37 Masonry
28:32 Conscription
28:50 Plate Barding Armor
29:17 Iron Casting
29:05 Hand Cart
29:54 Two-Man Saw
29:15 Elite Jarl
32:04 Town Patrol
33:06 Coinage
35:24 Blast Furnace
34:15 Fletching
35:30 Banking
35:12 Guilds
40:21 Crop Rotation
39:52 Bodkin Arrow
41:01 Chemistry
44:09 Husbandry
44:11 Squires
43:57 Arson
44:17 Bracer
44:49 Architecture
47:06 Scale Mail Armor
47:14 Siege Engineers
Dark Horse
11:30 Feudal Age
12:17 Double-Bit Axe
15:04 Castle Age
15:51 Bow Saw
17:11 Loom
22:04 Wheelbarrow
21:22 Stone Mining
23:33 Hand Cart
23:16 Gold Mining
24:40 Horse Collar
26:00 Scale Barding Armor
26:06 Forging
26:16 Bloodlines
26:37 Husbandry
27:27 Chain Barding Armor
28:14 Gold Shaft Mining
28:35 Iron Casting
34:54 Imperial Age
34:33 Cavalier
35:54 Plate Barding Armor
36:07 Savar
39:02 Blast Furnace
38:50 Heavy Plow
38:53 Light Cavalry
39:55 Hussar
43:24 Stone Shaft Mining
42:43 Fletching
46:37 Crop Rotation
47:19 Two-Man Saw
46:38 Masonry
48:27 Bodkin Arrow
49:04 Architecture
48:54 Ballistics
51:49 Citadels
52:00 Conscription
52:42 Chemistry
52:04 Murder Holes
SirDidko
11:43 Feudal Age
12:32 Double-Bit Axe
15:26 Castle Age
14:27 Horse Collar
16:40 Gold Mining
23:02 Imperial Age
20:43 Fletching
21:07 Gold Mining
22:15 Bodkin Arrow
24:59 Chemistry
25:26 Bracer
27:52 Padded Archer Armor
30:36 Leather Archer Armor
34:15 Conscription
35:43 Ballistics
35:21 Elite Genoese Crossbowman
37:58 Stone Mining
44:00 Stone Shaft Mining
44:04 Wheelbarrow
43:15 Loom
43:16 Town Watch
45:22 Hoardings
45:24 Ring Archer Armor
47:38 Bow Saw
49:06 Masonry
49:36 Hand Cart
51:59 Silk Road
51:52 Pirotechnia
52:12 Silk Road
52:12 Guilds
52:32 Coinage
52:03 Caravan
53:25 Thumb Ring
pauito79_ator
9:07 Loom
10:52 Feudal Age
12:23 Double-Bit Axe
16:17 Castle Age
14:26 Horse Collar
15:17 Scale Mail Armor
16:35 Gold Mining
17:17 Squires
21:07 Chain Mail Armor
24:14 Wheelbarrow
23:25 Town Watch
26:00 Fletching
30:34 Bodkin Arrow
35:06 Heavy Plow
35:23 Elite Skirmisher
36:19 Bow Saw
36:19 Stone Mining
37:12 Thumb Ring
37:17 Padded Archer Armor
38:07 Stone Shaft Mining
38:39 Ballistics
38:40 Hand Cart
39:00 Town Patrol
39:28 Masonry
42:28 Imperial Age
40:41 Forging
40:47 Leather Archer Armor
40:57 Arson
40:33 Pikeman
43:16 Iron Casting
42:33 Halberdier
44:26 Chemistry
44:11 Crop Rotation
44:53 Two-Man Saw
43:16 Imperial Skirmisher
44:57 Plate Mail Armor
45:31 Bracer
46:02 Ring Archer Armor
46:16 Paper Money
47:20 Bloodlines
47:10 Husbandry
46:32 Light Cavalry
48:00 Scale Barding Armor
51:21 Chain Barding Armor
52:50 Plate Barding Armor
TİNER
10:51 Feudal Age
14:56 Castle Age
13:20 Stone Mining
14:01 Horse Collar
14:21 Gold Mining
14:49 Double-Bit Axe
26:24 Wheelbarrow
26:32 Gold Shaft Mining
25:59 Heavy Plow
27:41 Hand Cart
27:55 Loom
33:13 Imperial Age
32:03 Masonry
32:14 Ballistics
34:36 Conscription
34:19 Artillery
34:33 Bow Saw
35:14 Bombard Tower
36:31 Architecture
37:30 Town Watch
38:00 Fletching
38:21 Forging
38:16 Scale Barding Armor
37:55 Treadmill Crane
38:39 Scale Mail Armor
40:38 Two-Man Saw
41:01 Town Patrol
41:22 Chain Barding Armor
41:37 Iron Casting
41:45 Bloodlines
41:35 Husbandry
43:48 Iron Casting
43:33 Chain Barding Armor
42:56 Elite Janissary
44:12 Sipahi
44:27 Hoardings
43:35 Capped Ram
44:42 Bodkin Arrow
45:48 Blast Furnace
45:14 Chain Mail Armor
45:15 Siege Ram
47:11 Hoardings
48:01 Coinage
47:41 Guilds
48:30 Plate Barding Armor
50:48 Banking
51:53 Chain Mail Armor
mRt_Khan
10:39 Feudal Age
14:20 Castle Age
12:42 Double-Bit Axe
12:45 Horse Collar
15:36 Bow Saw
18:43 Town Watch
21:14 Padded Archer Armor
21:08 Gold Mining
23:58 Wheelbarrow
28:54 Imperial Age
27:22 Scale Mail Armor
27:33 Forging
27:23 Loom
28:06 Hand Cart
28:26 Pikeman
29:06 Squires
28:52 Arson
28:52 Gambesons
29:41 Chain Mail Armor
30:12 Conscription
30:30 Iron Casting
31:06 Plate Mail Armor
31:12 Iron Casting
32:44 Chemistry
33:31 Heavy Plow
33:34 Halberdier
35:09 Supremacy
36:34 Blast Furnace
36:29 Halberdier
38:07 Masonry
39:12 Coinage
39:00 Fortified Wall
40:31 Architecture
40:35 Fletching
41:11 Bodkin Arrow
41:39 Ballistics
45:43 Banking
48:59 Two-Man Saw
48:47 Bracer
Hakan
11:15 Feudal Age
14:38 Castle Age
12:34 Double-Bit Axe
12:38 Horse Collar
15:46 Scale Barding Armor
20:57 Husbandry
21:50 Wheelbarrow
24:48 Hand Cart
24:18 Town Watch
31:01 Imperial Age
29:39 Heavy Plow
29:49 Bow Saw
31:52 Fletching
32:33 Loom
33:39 Double Crossbow
33:01 Elite Ballista Elephant
34:03 Bodkin Arrow
35:20 Conscription
35:12 Bracer
39:48 Caravan
40:18 Coinage
40:20 Ballistics
41:00 Chemistry
39:49 Elite Skirmisher
43:55 Banking
44:16 Bloodlines
44:17 Forging
44:28 Chain Barding Armor
44:09 Padded Archer Armor
49:55 Leather Archer Armor
BeardyNath
12:23 Feudal Age
17:00 Castle Age
15:05 Double-Bit Axe
15:07 Horse Collar
21:54 Imperial Age
20:10 Gold Mining
21:12 Fletching
21:53 Bodkin Arrow
23:14 Bracer
24:29 Padded Archer Armor
26:14 Leather Archer Armor
28:58 Bow Saw
30:56 Two-Man Saw
30:15 Stone Mining
30:59 Ballistics
31:34 Wheelbarrow
30:44 Town Watch
34:55 Yeomen
42:07 Loom
43:08 Masonry
48:27 Caravan
49:03 Hand Cart
Connection lost

Rejoining the realm…

Still unreachable

The connection could not be restored.

Session expired

The server has moved on; the page needs a fresh start.